 Dungeon Crawl Stone Soup version 0.21-a0-150-gc243083 (webtiles) character file.

84 FRamirez the Chopper (level 4, -3/41 HPs)
             Began as a Minotaur Berserker on July 27, 2017.
             Was a Believer of Trog.
             Killed from afar by Parsimony's ghost (5 damage)
             ... with a magic dart
             ... on level 3 of the Dungeon.
             The game lasted 00:40:17 (2108 turns).

FRamirez the Chopper (Minotaur Berserker)           Turns: 2108, Time: 00:40:18

Health: -3/41      AC: 10    Str: 22    XL:     4   Next: 23%
Magic:  3/3        EV:  8    Int:  6    God:    Trog [**....]
Gold:   132        SH:  0    Dex: 10    Spells: 3/3 levels left

rFire    . . .     SeeInvis .   a - +0 hand axe
rCold    . . .     Gourm    .   (no shield)
rNeg     + . .     Faith    .   e - +0 chain mail
rPois    .         Spirit   .   (helmet restricted)
rElec    .         Reflect  .   (no cloak)
rCorr    .         Harm     .   g - +0 pair of gloves
MR       .....                  (no boots)
Stlth    ..........             (no amulet)
HPRegen  0.13/turn              m - ring of positive energy
MPRegen  0.08/turn              n - +2 ring of intelligence

@: confused
A: retaliatory headbutt, horns 2
a: Berserk, Trog's Hand, Burn Spellbooks, Renounce Religion


You were on level 3 of the Dungeon.
You worshipped Trog.
Trog was pleased with you.
You were hungry.

You visited 1 branch of the dungeon, and saw 3 of its levels.

You collected 132 gold pieces.

Inventory:

Hand Weapons
 a - a +0 hand axe (weapon)
 f - a +0 dagger
 k - a +1 dagger of electrocution
Armour
 b - a +0 animal skin
 e - a +0 chain mail (worn)
 g - a +0 pair of gloves (worn)
Jewellery
 m - a ring of positive energy (left hand)
 n - a +2 ring of intelligence (right hand)
Scrolls
 d - a scroll of immolation {unknown}
 j - 2 scrolls of remove curse
 l - a scroll of identify
 p - a scroll of enchant armour {unknown}
Potions
 i - a potion of curing {Health}
 o - a potion of haste {unknown}
Comestibles
 c - 3 bread rations
 h - a royal jelly


   Skills:
 + Level 4.6 Fighting
 + Level 4.7 Axes
 + Level 3.2 Armour
 + Level 2.5 Dodging


You had 3 spell levels left.
You didn't know any spells.

Dungeon Overview and Level Annotations

Branches:
Dungeon (3/15)

Altars:
The Shining One

Annotations:
D:3 Parsimony's ghost, amateur DrCj


Innate Abilities, Weirdness & Mutations

You reflexively headbutt those who attack you in melee.
You have a pair of horns on your head.


Message History

You miss Parsimony's ghost. Your headbutt misses Parsimony's ghost.
Parsimony's ghost is severely damaged.
Parsimony's ghost hits you but does no damage.
Your chain mail prevents you from hitting Parsimony's ghost.
Parsimony's ghost is severely damaged.
Parsimony's ghost points at you and mumbles some strange words.
The spray of energy hits you!
You are confused.
You barely miss Parsimony's ghost.
Parsimony's ghost is severely damaged.
Parsimony's ghost points at you and mumbles some strange words.
The spray of energy hits you!
* * * LOW HITPOINT WARNING * * *
You bump into the rock wall.
Parsimony's ghost hits you but does no damage.
You hit Parsimony's ghost but do no damage.
Parsimony's ghost is severely damaged.
Parsimony's ghost casts a spell at you. The magic dart hits you!
You die...

# # # # ####### . #
#.....# .##.####
#.....#####.. ...[....
#....@W...#.. ........
#.....###.......#....)
#.....#####.## #.####
####......#.. .. #
#.####†#.# ## #
.#####.####.#.# #
..............# #
.#####.####.### # #.#
#.# #


You could see Parsimony's ghost.

Vanquished Creatures
  2 adders (D:2)
  3 oozes
  A dart slug (D:1)
  A leopard gecko (D:2)
  3 orcs (D:3)
  2 bats
  2 giant cockroaches (D:1)
  8 goblins
  6 hobgoblins
  2 jackals (D:3)
  A quokka (D:2)
  A ball python (D:3)
  3 frilled lizards
  6 kobolds
  4 rats
45 creatures vanquished.

Notes
Turn   | Place    | Note
-------+----------+-------------------------------------------
     0 | D:1      | FRamirez the Minotaur Berserker began the quest for the Orb.
     0 | D:1      | Reached XP level 1. HP: 19/19 MP: 0/0
   229 | D:1      | Reached XP level 2. HP: 26/27 MP: 1/1
   889 | D:2      | Reached XP level 3. HP: 32/34 MP: 2/2
  1366 | D:2      | Reached ** piety under Trog
  1495 | D:2      | Reached XP level 4. HP: 39/41 MP: 3/3
  1569 | D:2      | Found a glowing golden altar of the Shining One.
  1817 | D:3      | Noticed Parsimony's ghost (amateur DrCj)
  1830 | D:3      | HP: 1/41 [worm (6)]
  2105 | D:3      | HP: 2/41 [Parsimony's ghost/spray of energy (11)]
  2108 | D:3      | Killed from afar by Parsimony's ghost

Vault maps used:
D:1:      minmay_arrival_jagged, minivault_11, minmay_misc_feat_iff,
          serial_bayou_pond_d
D:2:      cheibrodos_old_hovel, minmay_misc_feat_chi, minmay_crystal_water,
          tso_altar

Skill      XL: |  1  2  3 |
---------------+----------+-----
Fighting       | 4 |  4.6
Axes           | 4 |  4.7
Armour         | 3 |  3.2
Dodging        | |  2.5

Action                   |  1- 3 |  4- 6 || total
-------------------------+-------+-------++-------
Melee: Hand axe          |    72 |    49 ||   121
       Headbutt          |    13 |     5 ||    18
  Use: Scroll            |     3 |     1 ||     4
       Potion            |     1 |       ||     1
  Eat: Chunk             |     1 |     2 ||     3
Armor: Chain mail        |    46 |    39 ||    85
Dodge: Dodged            |    30 |    25 ||    55
